 Dungeon Crawl Stone Soup version 0.28.0-53-g5a82cb258f (webtiles) character file.

Game seed: 11469306094680092298

1 protoss039 the Digger (level 1, 0/13 HPs)
             Began as a Demonspawn Earth Elementalist on June 1, 2022.
             Constricted to death by a ball python (1 damage)
             ... on level 1 of the Dungeon.
             The game lasted 00:00:33 (111 turns).

protoss039 the Digger (DsEE)                         Turns: 111, Time: 00:00:33

Health: 0/13       AC:  2    Str:  8    XL:     1   Next: 16%
Magic:  2/3        EV:  9    Int: 16    God:
Gold:   9          SH:  0    Dex: 13    Spells: 3/4 levels left

rFire   . . .      SeeInvis .   a - +0 spear
rCold   . . .      Faith    .   (no shield)
rNeg    . . .      Spirit   .   b - +0 robe
rPois   .          Reflect  .   (no helmet)
rElec   .          Harm     .   (no cloak)
rCorr   .          Rampage  .   (no gloves)
Will    .....                   (no boots)
Stlth   ++........              (no amulet)
HPRegen 0.04/turn               (no ring)
MPRegen 0.08/turn               (no ring)

@: constricted
A: no striking features
a: no special abilities


You were on level 1 of the Dungeon.
You visited 1 branch of the dungeon, and saw 1 of its levels.

You collected 9 gold pieces.

Inventory:

Hand Weapons
 a - a +0 spear (weapon)
Missiles
 c - 25 stones
Armour
 b - a +0 robe (worn)
Scrolls
 d - a scroll of immolation {unknown}


   Skills:
 + Level 1.8 Dodging
 + Level 1.8 Stealth
 + Level 2.0 Spellcasting
 + Level 0.9 Transmutations
 + Level 2.7 Earth Magic


You had 3 spell levels left.
You knew the following spells:

 Your Spells              Type           Power      Damage    Failure   Level
a - Sandblast             Erth           20%        2d7       7%          1

Your spell library contained the following spells:

 Spells                   Type           Power      Damage    Failure   Level
 Passwall                 Tmut/Erth      5%         N/A       16%         2
 Stone Arrow              Conj/Erth      10%        3d7       34%         3
 Petrify                  Tmut/Erth      7%         N/A       69%         4


Dungeon Overview and Level Annotations

Branches:
Dungeon (1/15)

Altars:


Message History

a - a +0 spear The hobgoblin shouts!
a - a +0 spear (weapon)
A goblin comes into view. It is wielding a +0 club.
The ball python hisses angrily.
You are too injured to fight recklessly!
You are too injured to fight recklessly!
You are too injured to fight recklessly!
You see here a scroll labelled MIMAPS ARRUSU.
d - a scroll labelled MIMAPS ARRUSU The hobgoblin closely misses you.
The ball python closely misses you. x2
You are too injured to fight recklessly!
Unknown command.
You are too injured to fight recklessly!
Unknown command.
You are too injured to fight recklessly!
The ball python barely misses you. The ball python misses you.
You are too injured to fight recklessly!
You are too injured to fight recklessly!
You are too injured to fight recklessly!
Reach: a) +0 spear
Press: ? - help, Dir - move target, f - ball python
Aim: a ball python (about 45% to evade your +0 spear)
You barely miss the ball python. The ball python closely misses you.
The ball python grabs you. The ball python constricts you.
Reach: a) +0 spear
Press: ? - help, Dir - move target, f/p - ball python
Aim: a ball python (constricting you, about 45% to evade your +0 spear)
You closely miss the ball python. The ball python closely misses you.
The ball python constricts you. The hobgoblin barely misses you.
Unknown command.
The ball python's grasp on you weakens, but your attempt to escape fails.
The ball python bites you.
* * * LOW HITPOINT WARNING * * *
The ball python constricts you.
* * * LOW HITPOINT WARNING * * *
The hobgoblin hits you.
* * * LOW HITPOINT WARNING * * *
The ball python barely misses you. The ball python constricts you.
You die...

#..............# ♣♣♣♣♣♣
#.............. ♣..P<♣
##.....#..#...# ♣...♣♣
#......#..#...#.#
.....♣♣#[.###.#..#...#.#
.......#...............#
≈.....P#.#..####.###.(.#
≈......#..†....gS###.###
......P#########@....#
....♣.♣#########'''####
≈......♣P.P♣♣.##...##P#
≈...P................♣#
≈....................P#
≈≈................♣...#
≈≈≈...................#
≈≈≈≈.≈..≈..≈≈..≈≈...≈≈#
≈≈≈≈≈≈≈≈≈.≈≈≈≈≈≈≈≈≈≈≈≈#


You could see a hobgoblin and a ball python.

Vanquished Creatures
  A bat (D:1)
1 creature vanquished.

Vanquished Creatures (others)
  A plant (D:1)
1 creature vanquished.

Grand Total: 2 creatures vanquished

Notes
Turn   | Place    | Note
-------+----------+-------------------------------------------
     0 | D:1      | protoss039 the Demonspawn Earth Elementalist began the
                  | quest for the Orb.
     0 | D:1      | Reached XP level 1. HP: 13/13 MP: 3/3
    95 | D:1      | Found a faded altar of an unknown god.
   111 | D:1      | Constricted to death by a ball python

Illustrated notes

Levels and vault maps discovered:
D:1:      kennysheep_arrival_seaside, layout_basic,
          hellmonk_ecumenical_altar_lost_god

Action                   || total
-------------------------++-------
Melee: Unarmed           ||    20
       Spear             ||     2
 Cast: Sandblast         ||     5
Armor: Robe              ||    13
Dodge: Dodged            ||    56
